 Dungeon Sprint DCSS version 0.29-a0-1008-g949cc1d0fb (webtiles) character file.

Game seed: 14898615117637687342

1776 Conn the Arsonist (level 9, -11/51 HPs)
             Began as an Octopode Fire Elementalist on Aug 6, 2022.
             Was an Initiate of Sif Muna.
             Mangled by a hornet (17 damage)
             ... in the Dungeon (Sprint II: "The Violet Keep of Menkaure") on Aug 7, 2022.
             The game lasted 00:10:46 (477 turns).

Conn the Arsonist (Octopode Fire Elementalist)       Turns: 477, Time: 00:10:46

Health: -11/51     AC:  1    Str:  8    XL:     9   Next: 8%
Magic:  4/22       EV: 15    Int: 21    God:    Sif Muna [......]
Gold:   241        SH:  0    Dex: 12    Spells: 14/27 levels left

rFire   + + .      SeeInvis .   e - +10 hand axe "Lirocaq" {drain, rCorr}
rCold   . . .      Faith    .   (no shield)
rNeg    + . .      Spirit   .   (helmet restricted)
rPois   .          Reflect  .   (no amulet)
rElec   +          Harm     .   d - ring of Natwaxom {Contam rElec rF++ rN+ Will+}
rCorr   +          Rampage  .   (no ring)
Will    ++...      NoTele   +   (no ring)
Stlth   +++++.....              (no ring)
HPRegen 0.17/turn               (no ring)
MPRegen 0.18/turn               (no ring)
                                (no ring)
                                (no ring)

@: lethally poisoned (-11 -> -28), slowed, very slow
A: almost no armour, amphibious, 8 rings, camouflage 1, gelatinous body 1,
(nimble swimmer 1), tentacles, tentacle spike 1, strong-willed 1
a: Renounce Religion


You were in the Dungeon.
You worshipped Sif Muna.
Sif Muna was noncommittal.
You visited 1 branch You collected 972 gold pieces.
You spent 731 gold pieces at shops.

Inventory:

Hand Weapons
 e - the +10 hand axe "Lirocaq" (weapon) {drain, rCorr}
   (You bought it in a shop in the Dungeon)

   A truly terrible weapon, it drains the life of any living foe it strikes.
   rCorr:     It protects you from acid and corrosion.
Jewellery
 d - the ring of Natwaxom (left tentacle) {Contam rElec rF++ rN+ Will+}
   (You bought it in a shop in the Dungeon)

   [ring of positive energy]

   rF:        It greatly protects you from fire.
   rElec:     It insulates you from electricity.
   rN:        It protects you from negative energy.
   Contam:    It causes magical contamination when unequipped.
   Will:      It increases your willpower.
Scrolls
 f - a scroll of blinking
Potions
 a - 2 potions of magic
 b - a potion of curing


   Skills:
 + Level 6.8 Dodging
 + Level 8.2 Stealth
 + Level 4.1 Unarmed Combat
 + Level 9.8 Spellcasting
 + Level 4.0 Conjurations
 + Level 1.5 Hexes
 + Level 13.6 Fire Magic


You had 14 spell levels left.
You knew the following spells:

 Your Spells              Type           Power      Damage    Failure   Level
a - Foxfire               Conj/Fire      100%       2x1d9     1%          1
b - Conjure Flame         Conj/Fire      47%        6-21      1%          3
c - Inner Flame           Hex/Fire       42%        N/A       1%          3
d - Flame Wave            Conj/Fire      47%        2d12      1%          4
e - Scorch                Fire           100%       2d10      1%          2

Your spell library contained the following spells:

 Spells                   Type           Power      Damage    Failure   Level


Dungeon Overview and Level Annotations

Branches:
Dungeon (1/1)

Altars:
Cheibriados
Dithmenos
Elyvilon
Fedhas
Gozag
Hepliaklqana
Kikubaaqudgha
Makhleb
Nemelex Xobeh
Okawaru
Qazlal
Ru
Sif Muna
Trog
Uskayaw
Vehumet
Wu Jian
Xom
Yredelemnul
Zin
The Shining One
Jiyva
Lugonu

Shops:
D [*:(!:[=*[([!=?

Annotations:
D exclusion: oklob plant


Innate Abilities, Weirdness & Mutations

You cannot wear most types of armour.
You are amphibious.
You can wear up to eight rings at the same time.
Your skin changes colour to match your surroundings (Stealth+).
Your rubbery body absorbs attacks. (AC +1, EV +1)
((You are camouflaged when in or above water. (Stealth+)))
You have tentacles for arms and can constrict up to eight enemies at once.
One of your tentacles bears a spike.
You are strong-willed. (Will+)


Message History

Confirm with . or Enter, or press ? or * to list all spells.
Flames lash the hornet.
The hornet is lightly wounded.
The hornet's fire resistance burns away.
Unknown command.
Unknown command.
Casting: Scorch (safe; 1% risk of failure)
Confirm with . or Enter, or press ? or * to list all spells.
Flames lash the hornet.
The hornet is burned terribly!
The hornet is heavily wounded.
The hornet stings you but does no damage.
Unknown command.
Casting: Scorch (safe; 1% risk of failure)
Confirm with . or Enter, or press ? or * to list all spells.
Aiming: Inner Flame (safe; 1% risk of failure)
Press: ? - help, Dir - move target, f - hornet
Aim: a hornet (heavily wounded, more vulnerable to fire, chance to affect: 85%)
Okay, then.
Okay, then.
Okay, then.
Unknown command.
Unknown command.
Unknown command.
Unknown command.
The hornet stings you!
You suddenly lose the ability to move!
The hornet stings you!
You feel yourself slow down. The hornet stings you!
* * * LOW HITPOINT WARNING * * *
You are poisoned.
You feel as though you will be slow longer.
You can move again.
There is a shimmering blue altar of Sif Muna, spattered with blood here.
You feel much better.
You feel very sick. The hornet stings you!
You are lethally poisoned!
You shrug off the repeated paralysis!
The yaktaur wields a +0 arbalest.
The yaktaur shoots a bolt.
The bolt hits you!
* * * LOW HITPOINT WARNING * * *
The hornet stings you!
You die...

##.##..# +..# .#▓$?[!["
#...#..# #..# c#▓(?$):(
).#.+..####..##.#▓[$))((
#...#....###...##▓▓▓▓▓▓▓
##.##......~~~~hh~~~~~~~
####~~.....~#'########+#
†#~~§~§~~§.~#._c_._..#§~
##~~§~~~~~.~#..y._._.#~§
#~~~≈≈≈~~~~~#._.@._._#~§
~~~~§≈≈≈≈~~~#_._._._.#§~
++#~≈≈≈≈§§§§#._._._..#~§
≈§##≈≈≈###§≈#_._._...#§S
≈≈≈##≈≈# #§§#._._....#~~
≈≈≈≈+≈§# #≈§#_._.....#§≈
§≈≈## ≈≈§§§≈##########~≈
≈≈## #######~~~~~~~§~≈≈
###


You could see 2 polar bears, a yaktaur, a hornet (combustible) and a water
moccasin (asleep).

Vanquished Creatures
  A merfolk siren (D)
  2 wyverns (D)
  4 neqoxecs (D)
  Menkaure (D)
  A water moccasin (D)
  A scorpion (D)
  9 electric eels (D)
  3 worms (D)
22 creatures vanquished.

Vanquished Creatures (others)
  23 foxfires (D)
23 creatures vanquished.

Grand Total: 45 creatures vanquished

Notes
Turn   | Place    | Note
-------+----------+-------------------------------------------
     0 | D        | Conn the Octopode Fire Elementalist began the quest for the
                  | Orb.
     0 | D        | Reached XP level 1. HP: 11/11 MP: 3/3
     1 | D        | Noticed a neqoxec
     6 | D        | Noticed a neqoxec
    11 | D        | Gained mutation: One of your tentacles bears a spike. [a
                  | neqoxec]
    14 | D        | Gained mutation: You are strong-willed. (Will+) [a neqoxec]
    15 | D        | Killed a neqoxec
    16 | D        | Reached skill level 1 in Unarmed Combat
    16 | D        | Reached skill level 7 in Fire Magic
    16 | D        | Reached XP level 2. HP: 17/17 MP: 0/7
    16 | D        | Reached XP level 3. HP: 21/21 MP: 0/8
    16 | D        | Reached XP level 4. HP: 27/27 MP: 0/10
    16 | D        | Reached XP level 5. HP: 31/31 MP: 0/11
    18 | D        | Killed a neqoxec
    19 | D        | Reached skill level 5 in Stealth
    19 | D        | Reached skill level 5 in Spellcasting
    19 | D        | Reached skill level 9 in Fire Magic
    19 | D        | Reached XP level 6. HP: 36/36 MP: 1/14
    26 | D        | Learned a level 2 spell: Scorch
    30 | D        | Learned a level 3 spell: Conjure Flame
    34 | D        | Learned a level 3 spell: Inner Flame
    39 | D        | Learned a level 4 spell: Flame Wave
    46 | D        | Noticed a wyvern
    46 | D        | Noticed a wyvern
    51 | D        | Killed a wyvern
    51 | D        | Killed a wyvern
    52 | D        | Reached skill level 5 in Dodging
    52 | D        | Reached skill level 11 in Fire Magic
    52 | D        | Reached XP level 7. HP: 41/41 MP: 9/17
    87 | D        | Noticed a neqoxec
    92 | D        | Killed a neqoxec
   176 | D        | Found Bixtupix's Magic Scroll Shop.
   176 | D        | Noticed a neqoxec
   179 | D        | Killed a neqoxec
   180 | D        | Reached skill level 12 in Fire Magic
   181 | D        | Found Lupnon's Distillery.
   182 | D        | Found Edalar's Jewellery Boutique.
   182 | D        | Found Tirpheh's Antique Weapon Shop.
   182 | D        | Found Makaushry's Antique Armour Shop.
   182 | D        | Found Erup's General Store.
   182 | D        | Found Kaumyod's Antique Armour Boutique.
   182 | D        | Found Uriessaxa's Jewellery Shop.
   184 | D        | Found Fokax's Antique Armour Shop.
   185 | D        | Found Mizorph's Book Shop.
   185 | D        | Noticed Menkaure
   185 | D        | Noticed a manticore
   189 | D        | Killed Menkaure
   190 | D        | Reached XP level 8. HP: 24/46 MP: 7/20
   284 | D        | Found Utoa's Distillery.
   284 | D        | Found Xihupo's Antique Weapon Boutique.
   284 | D        | Noticed a manticore
   284 | D        | Noticed a manticore
   284 | D        | Noticed an oklob plant
   285 | D        | Found Zeemma's Assorted Antiques.
   285 | D        | Found Qerphox's Antique Armour Boutique.
   285 | D        | Found Ikit's Book Shoppe.
   326 | D        | Noticed a merfolk siren
   332 | D        | Killed a merfolk siren
   333 | D        | Reached skill level 1 in Hexes
   333 | D        | Reached skill level 13 in Fire Magic
   375 | D        | Bought the ring of Natwaxom {Contam rElec rF++ rN+ Will+}
                  | for 515 gold pieces
   378 | D        | Bought an iridescent hand axe for 216 gold pieces
   378 | D        | Identified the +10 hand axe "Lirocaq" {drain, rCorr} (You
                  | bought it in a shop in the Dungeon)
   382 | D        | Noticed an ice dragon
   387 | D        | Noticed an iron elemental
   427 | D        | Reached XP level 9. HP: 51/51 MP: 9/22
   457 | D        | Found a glowing silver altar of Zin.
   457 | D        | Found a radiant altar of Vehumet.
   458 | D        | Found a glowing golden altar of the Shining One.
   458 | D        | Found a basalt altar of Yredelemnul.
   458 | D        | Found a hide-covered altar of Uskayaw.
   458 | D        | Found a sparkling altar of Nemelex Xobeh.
   459 | D        | Found a shimmering altar of Xom.
   459 | D        | Found a bloodstained altar of Trog.
   459 | D        | Found a burning altar of Makhleb.
   460 | D        | Found an ornate altar of the Wu Jian Council.
   460 | D        | Found a shimmering blue altar of Sif Muna.
   460 | D        | Found a corrupted altar of Lugonu.
   460 | D        | Found a blossoming altar of Fedhas.
   461 | D        | Found a sacrificial altar of Ru.
   461 | D        | Found an ancient bone altar of Kikubaaqudgha.
   461 | D        | Found a white marble altar of Elyvilon.
   462 | D        | Found a stormy altar of Qazlal.
   462 | D        | Found a viscous altar of Jiyva.
   462 | D        | Found a shadowy altar of Dithmenos.
   463 | D        | Found a hazy altar of Hepliaklqana.
   463 | D        | Found a snail-covered altar of Cheibriados.
   465 | D        | Noticed a hornet
   465 | D        | Noticed a polar bear
   466 | D        | Found an iron altar of Okawaru.
   466 | D        | Found an opulent altar of Gozag.
   466 | D        | Noticed a yaktaur
   466 | D        | Noticed a polar bear
   467 | D        | Noticed a polar bear
   471 | D        | Became a worshipper of Sif Muna the Loreminder
   475 | D        | Paralysed by a hornet for 2 turns
   477 | D        | Mangled by a hornet

Illustrated notes

Levels and vault maps discovered:
D:        the_violet_keep_of_menkaure [sprint2_stairs_cluster_1,
          sprint2_shoproom, sprint2_temple, sprint2_basic_supplies,
          sprint2_obstacle_7, sprint2_obstacle_2, sprint2_obstacle_5,
          sprint2_obstacle_6, sprint2_obstacle_4, sprint2_timed_cluster_1,
          sprint2_smallroom_cluster_1, sprint2_smallroom_final_cluster_1,
          sprint2_transparent_cluster_1, sprint2_second_timed_cluster_1,
          sprint2_sniper_area_1, sprint2_heavy_combat_area_1,
          sprint2_mutation_trap_area_1, sprint2_forest_area_1,
          sprint2_light_combat_area_1, sprint2_behind_water_1,
          sprint2_near_end_vault_1]

Skill      XL: |  1  2  3  4  5  6  7  8  9 |
---------------+----------------------------+-----
Dodging        | 3 4 5 6 |  6.8
Stealth        | 4 5 6 7 8 |  8.2
Unarmed Combat | 1 2 3 4 |  4.1
Spellcasting   | 4 5 6 8 9 |  9.8
Fire Magic     | 7 9 11 12 13 | 13.6
Conjurations   | 2 3 4 |  4.0
Hexes          | 1 |  1.5

Action                   |  1- 3 |  4- 6 |  7- 9 || total
-------------------------+-------+-------+-------++-------
Melee: Unarmed           |     5 |     3 |     3 ||    11
       Tentacles         |     1 |     2 |       ||     3
       Kick              |     1 |     1 |     2 ||     4
       Constrict         |     1 |     1 |     1 ||     3
 Cast: Foxfire           |     3 |       |    13 ||    16
       Scorch            |       |     3 |    17 ||    20
       Inner Flame       |       |     1 |       ||     1
       Flame Wave        |       |       |     3 ||     3
       Conjure Flame     |       |       |     1 ||     1
  Use: Potion            |     2 |     1 |     1 ||     4
 Stab: Sleeping          |       |       |     1 ||     1
Armor: Skin              |       |     1 |     1 ||     2
Dodge: Dodged            |       |     3 |     3 ||     6

Table legend: (Time is in decaauts)
 A = Elapsed time spent in this place.
 B = Non-inter-level travel time spent in this place.
 C = Inter-level travel time spent in this place.
 D = Time resting spent in this place.
 E = Time spent auto-exploring this place.
 F = Levels seen in this place.
 G = Mean time per level.
                   A        B        C        D        E       F      G
               +--------+--------+--------+--------+--------+-----+--------+
         Total |    467 |    467 |      0 |    166 |      0 |   1 |  467.0 |
       Dungeon |    467 |    467 |      0 |    166 |      0 |   1 |  467.0 |
               +--------+--------+--------+--------+--------+-----+--------+

Top non-repeatable levels by time:
       D: 467 daAuts
